 Dungeon Crawl Stone Soup version 0.21.1-1-g345015f (webtiles) character file.

5 Melicamp the Cudgeler (level 1, 0/16 HPs)
             Began as an Octopode Wanderer on Apr 5, 2018.
             Slain by a kobold (3 damage)
             ... on level 1 of the Dungeon.
             The game lasted 00:01:26 (288 turns).

Melicamp the Cudgeler (Octopode Wanderer)            Turns: 288, Time: 00:01:26

Health: 0/16       AC:  1    Str: 10    XL:     1   Next: 80%
Magic:  1/1        EV: 12    Int: 16    God:
Gold:   0          SH:  0    Dex: 10    Spells: 0/0 levels left

rFire    . . .     SeeInvis .   e - +0 mace
rCold    . . .     Gourm    .   (no shield)
rNeg     . . .     Faith    .   (helmet restricted)
rPois    .         Spirit   .   (no amulet)
rElec    .         Reflect  .   (no ring)
rCorr    .         Harm     .   (no ring)
MR       .....                  (no ring)
Stlth    +++.......             (no ring)
HPRegen  0.05/turn              (no ring)
MPRegen  0.07/turn              (no ring)
                                (no ring)
                                (no ring)

@: hasted, very quick
A: almost no armour, stealthy swim, amphibious, 8 rings, constrict 8, camouflage
1, gelatinous body 1
a: no special abilities


You were on level 1 of the Dungeon.
You were not hungry.

You visited 1 branch of the dungeon, and saw 1 of its levels.

Inventory:

Hand Weapons
 c - a +0 shortbow
 e - a +0 mace (weapon)
Missiles
 d - 18 arrows
 h - 9 stones (quivered)
Jewellery
 g - an uncursed ring of resist corrosion {unknown}
   (You found it on level 1 of the Dungeon)
Scrolls
 a - a scroll of identify {unknown}
Comestibles
 f - a ration


   Skills:
 * Level 3.2 Fighting
 + Level 5.0 Maces & Flails
 + Level 1.7 Stealth
   Level 1.1 Evocations


You couldn't memorise any spells.
You didn't know any spells.

Dungeon Overview and Level Annotations

Branches:
Dungeon (1/15)

Altars:


Innate Abilities, Weirdness & Mutations

You cannot wear most types of armour.
You are very stealthy in the water. (Stealth+)
You are amphibious.
You can wear up to eight rings at the same time.
You can use your tentacles to constrict eight enemies at once.
Your skin changes colour to match your surroundings (Stealth+).
Your rubbery body absorbs attacks. (AC +1, EV +1)


Message History

d - 19 arrows (gained 1)
d - 24 arrows (gained 5)
You open the door.
There is an open door here.
A bat comes into view.
You see here 9 stones.
h - 9 stones Wield which item (- for none, * to show all)? (? for menu, Esc to quit)
c - a +0 shortbow (weapon)
The bat is too close now for your liking.
Firing (i - inventory. (,) - cycle):
d - 24 arrows (quivered)
Press: ? - help, Shift-Dir - straight line, f - bat
Aim: a bat (resting)
You shoot an arrow.
The arrow hits the bat but does no damage.
You hear a shout! x3
Firing (i - inventory. (,) - cycle):
d - 23 arrows (quivered)
Press: ? - help, Shift-Dir - straight line, f - you
Okay, then.
The bat hits you but does no damage.
Firing (i - inventory. (,) - cycle):
d - 23 arrows (quivered)
Press: ? - help, Shift-Dir - straight line, f/p - bat
Aim: a bat You shoot an arrow.
The arrow hits the bat but does no damage.
The bat barely misses you. The bat closely misses you.
The bat hits you but does no damage.
Firing (i - inventory. (,) - cycle):
d - 22 arrows (quivered)
Press: ? - help, Shift-Dir - straight line, f/p - bat
Aim: a bat You shoot an arrow.
The arrow closely misses the bat.
The bat closely misses you. The bat barely misses you.
The bat barely misses you.
Really attack while wielding your +0 shortbow? [Y]es or [N]o only, please.
Really attack while wielding your +0 shortbow?
Okay, then.
Wield which item (- for none, * to show all)? (? for menu, Esc to quit)
e - a +0 mace (weapon)
The bat closely misses you. The bat completely misses you.
You hit the bat.
You kill the bat!
d - 22 arrows (gained 1) Wield which item (- for none, * to show all)? (? for menu, Esc to quit)
c - a +0 shortbow (weapon)
A goblin comes into view.
Firing (i - inventory. (,) - cycle):
d - 22 arrows (quivered)
Press: ? - help, Shift-Dir - straight line, f - goblin
Aim: a goblin (hasn't noticed you)
You shoot an arrow. The goblin shouts!
The arrow hits the goblin but does no damage.
There is an open door here.
Firing (i - inventory. (,) - cycle):
d - 21 arrows (quivered)
Press: ? - help, Shift-Dir - straight line, f/p - goblin
Aim: a goblin You shoot an arrow.
The arrow hits the goblin.
You kill the goblin!
You open the door.
A bat comes into view.
Firing (i - inventory. (,) - cycle):
d - 20 arrows (quivered)
Press: ? - help, Shift-Dir - straight line, f - bat
Aim: a bat You shoot an arrow.
The arrow closely misses the bat.
You hear a shout!
The bat misses you.
You hear a shout!
A kobold comes into view.
Firing (i - inventory. (,) - cycle):
d - 19 arrows (quivered)
Press: ? - help, Shift-Dir - straight line, f/p - bat
Aim: a bat You shoot an arrow.
The arrow misses the bat.
The arrow hits the kobold.
The kobold is moderately wounded.
The bat barely misses you. The bat closely misses you. The bat hits you.
Wield which item (- for none, * to show all)? (? for menu, Esc to quit)
e - a +0 mace (weapon)
The bat misses you.
A kobold comes into view.
The bat misses you. The kobold hits you.
There is an open door here.
You closely miss the kobold. You grab the kobold. You constrict the kobold.
The bat hits you but does no damage. The kobold hits you.
The kobold closely misses you.
You release your grip on the kobold.
The kobold throws a stone.
The stone barely misses you.
The kobold throws a stone.
The stone hits you.
You see here a stone.
You closely miss the kobold. Your grab misses the kobold.
The kobold is moderately wounded.
The kobold hits you.
* * * LOW HITPOINT WARNING * * *
You hit the kobold.
You kill the kobold!
The kobold throws a stone.
The stone closely misses you.
Okay, then.
You feel yourself speed up.
You closely miss the kobold. You grab the kobold.
You constrict the kobold, but do no damage.
The kobold hits you.
You die...

####..........#
........(.(...#
.............#
............#
###..........#
#............# #
#.....b......##########
#K# #........#.
#@######(.......#.
#(.....'........#.
########........##
#........## #........##
#........## #........##
#........## #........##


You could see a bat and a kobold.

Vanquished Creatures
  A leopard gecko (D:1)
  2 goblins (D:1)
  A bat (D:1)
  A kobold (D:1)
5 creatures vanquished.

Notes
Turn   | Place    | Note
-------+----------+-------------------------------------------
     0 | D:1      | Melicamp the Octopode Wanderer began the quest for the Orb.
     0 | D:1      | Melicamp set off with: a +2 dagger, a potion of haste, a +0 shortbow, 25 arrows, a +0 mace, a ration
     0 | D:1      | Reached XP level 1. HP: 16/16 MP: 1/1
   285 | D:1      | HP: 3/16 [kobold (3)]
   288 | D:1      | Slain by a kobold

Action                   || total
-------------------------++-------
Melee: Mace              ||     8
       Constrict         ||     3
 Fire: Shortbow          ||    15
  Use: Potion            ||     1
Armor: Skin              ||     3
Dodge: Dodged            ||    19

Vault maps used:
D:1:      grunt_arrival_lava_bath

Table legend:
 A = Turns spent in this place as a percentage of turns spent in the entire game.
 B = Non-inter-level travel turns spent in this place as a percentage of non-inter-level travel turns spent in the entire game.
 C = Inter-level travel turns spent in this place as a percentage of turns spent in this place.
 D = Turns resting spent in this place as a percentage of non-inter-level travel turns spent in this place.
 E = Turns spent auto-exploring this place as a percentage of non-inter-level travel turns spent in this place.
 F = Non-inter-level travel turns spent in this place divided by the number of levels of this place that you've seen.
                   A       B       C       D       E      F
               +-------+-------+-------+-------+-------+----------------------
         Total | 100.0 | 100.0 |   0.0 |  52.4 |  20.1 | 288.0
       Dungeon | 100.0 | 100.0 |   0.0 |  52.4 |  20.1 | 288.0
               +-------+-------+-------+-------+-------+----------------------

Table legend:
 A = Kills in this place as a percentage of kills in entire the game.
 B = Kills by you in this place as a percentage of kills by you in the entire game.
 C = Kills by friends in this place as a percentage of kills by friends in the entire game.
 D = Other kills in this place as a percentage of other kills in the entire game.
 E = Experience gained in this place as a percentage of experience gained in the entire game.
 F = Experience gained in this place divided by the number of levels of this place that you have seen.
                   A       B       C       D       E      F
               +-------+-------+-------+-------+-------+----------------------
         Total | 100.0 | 100.0 |   N/A |   N/A | 100.0 |   8.0
       Dungeon | 100.0 | 100.0 |   N/A |   N/A | 100.0 |   8.0
               +-------+-------+-------+-------+-------+----------------------
